 Dungeon Sprint DCSS version 0.30.1-11-g7821555f0a (webtiles) character file.

Game seed: 12614604530980624774

259 Heoruswealwe the Spear-Bearer (level 5, -15/53 HPs)
             Began as a Minotaur Fighter on Nov 9, 2023.
             Was an Initiate of Gozag.
             Demolished by a shadow (21 damage)
             ... in the Dungeon (Sprint IX: "|||||||||||||||||||||||||||||").
             The game lasted 00:01:16 (135 turns).

Heoruswealwe the Spear-Bearer (Minotaur Fighter)     Turns: 135, Time: 00:01:17

Health: -15/53     AC:  8    Str: 22    XL:     5   Next: 95%
Magic:  4/4        EV:  9    Int:  5    God:    Gozag
Gold:   0          SH:  4    Dex: 10    Spells: 4/4 levels left

rFire   . . .        a - +0 trident
rCold   . . .        d - +0 buckler
rNeg    . . .        c - +0 scale mail
rPois   .            (helmet restricted)
rElec   .            (no cloak)
rCorr   .            (no gloves)
SInv    .            (no boots)
Will    .....        (no amulet) Stlth
                     (no ring)
HPRegen 0.28/turn    (no ring)
MPRegen 0.09/turn

%: no teleportation
@: gold aura
A: horns 2, retaliatory headbutt
a: Renounce Religion, Potion Petition, Call Merchant, Bribe Branch


You were in the Dungeon.
You worshipped Gozag.
Gozag was noncommittal.
You visited 1 branch

Inventory:

Hand Weapons
 a - a +0 trident (weapon)
Armour
 c - a +0 scale mail (worn)
 d - a +0 buckler (worn)
Jewellery
 k - a +2 ring of protection
 l - a +2 ring of evasion
Wands
 h - a wand of quicksilver (10)
Scrolls
 j - 2 scrolls of blinking
Potions
 b - a potion of might
 e - 5 potions of curing
 f - 3 potions of heal wounds
 g - a potion of haste
 i - a potion of berserk rage


   Skills:
 + Level 8.2 Fighting
 * Level 10.7 Polearms
 + Level 8.2 Armour
 - Level 3.6 Shields


You had 4 spell levels left.
You didn't know any spells.
Your spell library was empty.

Dungeon Overview and Level Annotations

Branches:
Dungeon (1/1)

Altars:
Cheibriados
Dithmenos
Elyvilon
Fedhas
Gozag
Hepliaklqana
Kikubaaqudgha
Makhleb
Nemelex Xobeh
Okawaru
Qazlal
Ru
Sif Muna
Trog
Uskayaw
Vehumet
Wu Jian
Xom
Yredelemnul
Zin
The Shining One
Jiyva
Lugonu


Innate Abilities, Weirdness & Mutations

You have a pair of horns on your head.
You reflexively headbutt those who attack you in melee.


Message History

You barely miss something. Your headbutt misses something.
The kobold brigand throws a curare-tipped dart.
The shadow strikes at you from the darkness!
Reactivating autopickup.
You hit the shadow.
The shadow is moderately damaged.
The shadow hits you.
You puncture the shadow!
The shadow is heavily damaged.
The kobold brigand is distracted by your dazzling golden aura.
The kobold brigand shouts!
You hit the shadow but do no damage. Your headbutt misses the shadow.
The shadow is heavily damaged.
The shadow slips into darkness.
The shadow flickers and vanishes!
Deactivating autopickup; reactivate with Ctrl-A.
You barely miss something. You headbutt something.
The shadow strikes at you from the darkness!
* * * LOW HITPOINT WARNING * * *
Reactivating autopickup.
You barely miss the shadow.
The shadow is heavily damaged.
The shadow completely misses you.
You hit the shadow. Your headbutt misses the shadow.
The shadow is heavily damaged.
You block the shadow's attack.
You hit the shadow but do no damage. You headbutt the shadow!
The shadow is almost destroyed.
The orc wizard is distracted by your dazzling golden aura.
The orc wizard shouts!
You hit the shadow but do no damage.
The shadow is almost destroyed.
The shadow slips into darkness.
The shadow flickers and vanishes!
Deactivating autopickup; reactivate with Ctrl-A.
You miss something.
The kobold brigand is no longer distracted by gold.
The shadow strikes at you from the darkness!
You die...
Your body crumbles into a pile of gold.

$
▓?▓
$
▓)▓
$
▓.▓
▓[▓
$
▓[▓
▓[▓
$
▓.▓
▓.▓
$
▓@▓
▓{▓
$
▓K▓
$
▓Y▓
$ $
▓o▓
$
▓.▓
$
▓.▓
▓+▓


You could see a yak, a kobold brigand and an orc wizard.

Vanquished Creatures
  A black bear (D)
  A wight (D)
  A howler monkey (D)
  An orc priest (D)
  An orc wizard (D)
  A gnoll (D)
  An adder (D)
  A hobgoblin (D)
  A ball python (D)
  A bat (D)
  A kobold (D)
  A rat (D)
12 creatures vanquished.

Notes
Turn   | Place    | Note
-------+----------+-------------------------------------------
     0 | D        | Heoruswealwe the Minotaur Fighter began the quest for the
                  | Orb.
     0 | D        | Reached XP level 1. HP: 19/19 MP: 0/0
     9 | D        | Reached skill level 3 in Polearms
    32 | D        | Noticed a howler monkey
    32 | D        | Noticed a black bear
    32 | D        | Noticed an orc wizard
    35 | D        | Killed a howler monkey
    36 | D        | Reached skill level 5 in Fighting
    36 | D        | Reached skill level 6 in Polearms
    36 | D        | Reached skill level 5 in Armour
    36 | D        | Reached XP level 2. HP: 29/29 MP: 1/1
    36 | D        | Reached XP level 3. HP: 36/36 MP: 2/2
    44 | D        | Killed a black bear
    45 | D        | Reached skill level 8 in Polearms
    45 | D        | Reached XP level 4. HP: 32/47 MP: 3/3
    45 | D        | Reached XP level 5. HP: 35/52 MP: 4/4
    64 | D        | Reached skill level 9 in Polearms
    74 | D        | Found a snail-covered altar of Cheibriados.
    74 | D        | Found a shadowy altar of Dithmenos.
    74 | D        | Found a white marble altar of Elyvilon.
    74 | D        | Found a blossoming altar of Fedhas.
    74 | D        | Found an opulent altar of Gozag.
    75 | D        | Found a hazy altar of Hepliaklqana.
    76 | D        | Found a viscous altar of Jiyva.
    77 | D        | Found an ancient bone altar of Kikubaaqudgha.
    78 | D        | Found a corrupted altar of Lugonu.
    79 | D        | Found a burning altar of Makhleb.
    80 | D        | Found a sparkling altar of Nemelex Xobeh.
    81 | D        | Found an iron altar of Okawaru.
    82 | D        | Became a worshipper of Gozag Ym Sagoz the Greedy
    83 | D        | Found a stormy altar of Qazlal.
    84 | D        | Found a sacrificial altar of Ru.
    85 | D        | Found a shimmering blue altar of Sif Muna.
    86 | D        | Found a bloodstained altar of Trog.
    87 | D        | Found a hide-covered altar of Uskayaw.
    88 | D        | Found a radiant altar of Vehumet.
    89 | D        | Found an ornate altar of the Wu Jian Council.
    90 | D        | Found a shimmering altar of Xom.
    91 | D        | Found a basalt altar of Yredelemnul.
    92 | D        | Found a glowing silver altar of Zin.
    93 | D        | Found a glowing golden altar of the Shining One.
   117 | D        | Noticed a shadow
   117 | D        | Noticed a yak
   122 | D        | Reached skill level 10 in Polearms
   135 | D        | Demolished by a shadow

Illustrated notes

Levels and vault maps discovered:
D:        linesprint [early_d, line_temple, items_1, d_10, items_2, lair_1,
          lair_end, items_3, orc_1, orc_end, items_4, d_15, swamp_1, shoals_1,
          snake_1, spider_1, d_20, vaults_1, items_5, swamp_end, shoals_end,
          snake_end, spider_end, vaults_end, d_27, items_6, zot_1, zot_end,
          crypt_end, forest_end, elf_end, slime_end, tomb_end, abyss_end,
          pan_hell_end]

Skill      XL: |  1  2  3  4  5 |
---------------+----------------+-----
Polearms       | 6 8 10 | 10.7
Fighting       | 5 7 8 |  8.2
Armour         | 5 7 8 |  8.2
Shields        | |  3.6

Action                     |  1- 3 |  4- 6 || total
---------------------------+-------+-------++-------
  Melee: Trident           |    28 |    32 ||    60
         Headbutt          |     6 |     5 ||    11
 Armour: Scale mail        |    14 |     9 ||    23
  Dodge: Dodged            |    13 |     4 ||    17
  Block: Buckler           |     5 |     2 ||     7
